 Dungeon Crawl Stone Soup version 0.25.1-2-g60ff931df9 (webtiles) character file.

Game seed: 9072893374036782873

72 growler the Ruffian (level 4, 25/25 HPs)
             Began as a Gargoyle Transmuter on Oct 8, 2020.
             Quit the game on level 2 of the Dungeon.
             The game lasted 00:04:29 (1647 turns).

growler the Ruffian (Gargoyle Transmuter)           Turns: 1647, Time: 00:04:30

Health: 25/25      AC:  5    Str: 14    XL:     4   Next: 25%
Magic:  7/7        EV: 12    Int: 14    God:
Gold:   79         SH:  0    Dex: 10    Spells: 1/7 levels left

rFire    . . .     SeeInvis .     - Unarmed
rCold    . . .     Gourm    .   (no shield)
rNeg     + . .     Faith    .   b - +0 robe
rPois    ∞         Spirit   .   (no helmet)
rElec    +         Reflect  .   (no cloak)
rCorr    .         Harm     .   (no gloves)
MR       .....                  (no boots)
Stlth    +.........             (no amulet)
HPRegen  0.08/turn              (no ring)
MPRegen  0.10/turn              (no ring)

@: no status effects
A: negative energy resistance 1, electricity resistance, unbreathing,
petrification resistance, rot immunity, AC +3
a: no special abilities


You were on level 2 of the Dungeon.
You were not hungry.

You visited 1 branch of the dungeon, and saw 2 of its levels.

You collected 79 gold pieces.

Inventory:

Hand Weapons
 j - a +1 dagger of venom
   (You took it off a goblin on level 1 of the Dungeon)
Missiles
 a - 52 arrows
Armour
 b - a +0 robe (worn)
 i - a +0 pair of gloves
   (You found it on level 1 of the Dungeon)
Wands
 q - a wand of enslavement (8)
   (You found it on level 2 of the Dungeon)
Scrolls
 d - a scroll of amnesia {unknown}
 h - 2 scrolls of identify {unknown}
 k - a scroll of noise {unknown}
 r - a scroll of immolation {unknown}
Potions
 f - a potion of degeneration {unknown}
 g - a potion of brilliance {unknown}
 l - a potion of stabbing {unknown}
 m - a potion of mutation {unknown}
 n - 2 potions of curing {unknown}
 o - a potion of lignification {unknown}
 p - a potion of berserk rage {unknown}
Comestibles
 c - 3 chunks of flesh
 e - 7 rations {!d}


   Skills:
 - Level 1.1 Fighting
 - Level 1.5 Dodging
 + Level 4.1 Unarmed Combat
 - Level 2.0 Spellcasting
 + Level 2.7 Transmutations


You had one spell level left.
You knew the following spells:

 Your Spells              Type           Power        Failure   Level  Hunger
a - Beastly Appendage     Tmut           #.....       8%          1    ##.....
s - Sticks to Snakes      Tmut           #.......     12%         2    ###....
x - Spider Form           Tmut/Pois      #.........   38%         3    ####...

Your spell library contained the following spells:

 Spells                   Type           Power        Failure   Level  Hunger
 Ice Form                 Ice/Tmut       #.......     80%         4    #####..
 Blade Hands              Tmut           #.........   91%         5    ######.


Dungeon Overview and Level Annotations

Branches:
Dungeon (2/15)

Altars:


Innate Abilities, Weirdness & Mutations

You are resistant to torment.
Your stone body is resilient. (AC +3)
You are immune to poison.
You resist negative energy. (rN+)
You are resistant to electric shocks. (rElec)
You can survive without breathing.
You are immune to petrification.
You are immune to rotting.


Message History

You kill the dart slug!
The kobold hits you with a +0 dagger.
You hit the kobold. The kobold hits you with a +0 dagger.
You closely miss the kobold. The kobold barely misses you.
You hit the kobold.
You kill the kobold!
All of the chunks of flesh in your inventory have rotted away.
You butcher the dart slug corpse.
c - 2 chunks of flesh
Found a ration.
Found a fuming emerald potion and 16 gold pieces.
a - 53 arrows (gained 23)
An adder comes into view.
The adder hisses angrily.
You see here a ration {!d}.
You grow a pair of large bovine horns.
You create a snake!
You now have 52 arrows.
You are feeling hungry.
The adder bites you.
You closely miss the adder.
Your ball python closely misses the adder.
Your ball python completely misses the adder.
The adder misses you.
You barely miss the adder. The adder barely misses you.
Your ball python closely misses the adder.
Your ball python grabs the adder.
Your ball python constricts the adder.
You barely miss the adder.
You headbutt the adder, but do no damage.
The adder barely misses you.
Your ball python bites the adder.
Your ball python constricts the adder.
You hit the adder. The adder barely misses you.
Your ball python bites the adder.
Your ball python constricts the adder.
You hit the adder. The adder closely misses you.
Your ball python bites the adder.
The adder dies!
You see here an adder corpse.
You butcher the adder corpse.
c - 4 chunks of flesh (gained 2)
You see here an adder skeleton.
Eating one of 4 chunks of flesh.
You eat one of the 4 chunks of flesh.
Your transformation is almost over.
Your horns disappear.
e - 7 rations {!d} (gained 1)
n - 2 fuming emerald potions (gained 1)
You now have 79 gold pieces (gained 16).
Your ball python withers and dies!
Found a plate armour.
A gnoll comes into view.
The gnoll shouts!
A gnoll comes into view. It is wielding a +0 halberd.

g.. ......##### g.
......#....## ..........
#..# ######..#.#.....
##÷## #....##...#..#.###
#..## #....#
#.....#...####..## #....#
#..........<(.....
#....###@........(.(.##..
#.........#.#............
#.....##.##...........#..
#...........÷............
#....##.....#............
#....##...#..............
#######..###.............
#..........#...........
#..........#.......(...


You could see 2 gnolls.

Vanquished Creatures
  An adder (D:2)
  An ooze (D:1)
  A dart slug (D:2)
  A leopard gecko (D:1)
  2 giant cockroaches
  4 goblins
  A hobgoblin (D:1)
  4 jackals (D:2)
  11 kobolds
  2 ball pythons (D:1)
  4 bats
  4 frilled lizards
  6 rats (D:1)
42 creatures vanquished.

Vanquished Creatures (collateral kills)
  2 adders (D:2)
  A leopard gecko (D:2)
3 creatures vanquished.

Grand Total: 45 creatures vanquished

Notes
Turn   | Place    | Note
-------+----------+-------------------------------------------
     0 | D:1      | growler the Gargoyle Transmuter began the quest for the
                  | Orb.
     0 | D:1      | Reached XP level 1. HP: 12/12 MP: 3/3
   107 | D:1      | Reached XP level 2. HP: 14/16 MP: 3/5
   160 | D:1      | Learned a level 2 spell: Sticks to Snakes
   605 | D:1      | Reached XP level 3. HP: 17/20 MP: 2/6
   741 | D:1      | Learned a level 3 spell: Spider Form
  1252 | D:1      | Reached skill level 4 in Unarmed Combat
  1252 | D:1      | Reached XP level 4. HP: 25/25 MP: 7/7
  1647 | D:2      | Quit the game

Illustrated notes

Levels and vault maps discovered:
D:1:      minmay_arrival_open_corners, layout_loops_ring
D:2:      layout_rooms, first_ration

Skill      XL: |  1  2  3 |
---------------+----------+-----
Transmutations | 2 |  2.7
Unarmed Combat | 4 |  4.1
Fighting       | |  1.1
Dodging        | |  1.5
Spellcasting   | |  2.0

Action                   |  1- 3 |  4- 6 || total
-------------------------+-------+-------++-------
Melee: Unarmed           |   108 |    20 ||   128
       Kick              |     5 |       ||     5
       Headbutt          |     2 |     1 ||     3
       Punch             |     2 |       ||     2
 Cast: Beastly Appendage |     8 |     1 ||     9
       Sticks to Snakes  |     2 |     1 ||     3
 Stab: Sleeping          |     1 |       ||     1
  Eat: Chunk             |     1 |     2 ||     3
Armor: Robe              |    37 |     4 ||    41
Dodge: Dodged            |    87 |    20 ||   107
